Map: Fracture LE

Players

IIIIIIIIIIII - Winner!

  • Race: Terran Terran
  • League: Diamond
  • Spawn Location: 11:00

Apoptosis

  • Race: Zerg Zerg
  • League: Diamond
  • Spawn Location: 5:00

VOD

Have the link to the VOD?

Description

Time

  • Played on: Sept. 7, 2018, 5:24 a.m.
  • Length: 11:22
Show
View Real Time Build Order
Export as new Build Order

IIIIIIIIIIII Terran - Winner!

Build Orders: MMM Bio 

Get SALT Encoding   

  12  0:02  SCV  
  13  0:14  SCV  
  13  0:19  Supply Depot  
  14  0:26  SCV  
  15  0:41  SCV  
  16  0:42  Barracks  
  16  0:48  Refinery  
  16  0:53  SCV  
  17  1:05  SCV  
  18  1:17  SCV  
  19  1:29  SCV  
  19  1:32  Reaper  
  21  1:39  Command Center  
  22  1:49  Orbital Command  
  21  2:01  Barracks  
  21  2:05  Barracks Reactor  
  21  2:10  Refinery  
  21  2:19  Supply Depot, SCV  
  22  2:40  Factory  
  22  2:50  SCV, Marine x2  
  25  2:51  Barracks Tech Lab, Orbital Command  
  25  3:02  SCV  
  26  3:11  Stimpack, Marine x2  
  28  3:14  SCV  
  28  3:16  Marine  
  28  3:19  SCV  
  31  3:26  Supply Depot, SCV  
  32  3:30  Starport  
  32  3:33  Factory Reactor  
  32  3:35  Marine  
  32  3:39  Marine  
  34  3:42  Marine  
  35  3:50  SCV  
  35  3:53  Supply Depot, SCV, Marine  
  38  3:57  Marine  
  39  4:03  SCV  
  39  4:08  SCV, Marine  
  42  4:11  Marine  
  42  4:15  SCV  
  44  4:24  SCV  
  44  4:28  Medivac x2  
  49  4:33  Command Center  
  49  4:34  SCV  
  49  4:36  SCV, Marine x2  
  53  4:45  Supply Depot  
  53  4:48  Marine  
  54  4:54  Marine  
  54  4:58  SCV, Marine  
  57  5:04  Engineering Bay  
  57  5:05  Marine  
  58  5:08  Engineering Bay  
  58  5:11  SCV x2  
  60  5:15  Factory Reactor  
  60  5:18  Refinery  
  60  5:19  Barracks x2  
  60  5:20  Marine  
  61  5:23  SCV x2  
  63  5:50  Marine x2  
  63  5:51  SCV, Marauder  
  63  5:53  SCV  
  69  6:03  SCV  
  66  6:05  Orbital Command  
  66  6:08  Marine  
  67  6:12  Marauder  
  67  6:13  Marine  
  70  6:19  Barracks Tech Lab, Barracks Reactor  
  70  6:20  Widow Mine x2, Orbital Command  
  74  6:25  Factory  
  74  6:31  Factory  
  74  6:33  Marine x2, Refinery, Marauder  
  74  6:34  Terran Infantry Armor Level 1, Terran Infantry Weapons Level 1  
  78  6:40  Combat Shields  
  78  6:42  Marauder  
  80  6:51  Marine x2  
  79  7:01  Marine  
  81  7:04  Marauder  
  83  7:10  Factory Tech Lab  
  83  7:14  SCV  
  82  7:18  Factory Tech Lab  
  82  7:19  Siege Tank  
  85  7:24  Orbital Command  
  85  7:28  Marine x7  
  92  7:43  Siege Tank  
  95  7:45  Supply Depot  
  95  7:46  Marine  
  95  7:47  Armory  
  96  7:53  SCV x2  
  96  7:54  SCV  
  96  7:56  Marine x2, Marauder  
  96  7:57  Marine  
  104  7:59  Marine  
  104  8:05  SCV  
  106  8:07  SCV  
  107  8:13  Supply Depot  
  107  8:14  Marine  
  107  8:15  Marine  
  107  8:18  Marauder  
  111  8:21  Supply Depot  
  111  8:23  Marine x4  
  115  8:35  Supply Depot  
  115  8:37  Terran Infantry Weapons Level 2, Medivac x2  
  115  8:38  Terran Infantry Armor Level 2  
  115  8:39  Marauder  
  121  8:43  Supply Depot  
  121  9:01  Marine, Marauder  
  121  9:02  SCV  
  118  9:04  Marine  
  118  9:05  Siege Tank  
  118  9:07  Medivac x2  
  118  9:09  SCV  
  117  9:18  SCV, Marine  
  117  9:20  Marine  
  117  9:21  Siege Tank  
  117  9:22  Marauder  
  123  9:27  Marine  
  123  9:28  SCV  
  124  9:37  Marine  
  124  9:38  Marine  
  122  9:43  Marauder  
  120  9:57  Marine x5  
  125  10:05  Marauder  
  127  10:08  Marine  
  127  10:09  SCV  
  127  10:11  SCV  
  118  10:15  SCV, Marine x2  
  118  10:17  Marine  
  112  10:21  SCV  
  112  10:22  Marine  
  112  10:24  SCV, Marine  
  112  10:26  Marine, Marauder  
  112  10:32  Siege Tank, Marine  
  112  10:33  Siege Tank x2, Marine  
  122  10:43  Marine x2  
  122  10:44  SCV  
  122  10:46  Marine x2  
  122  10:47  Marauder  
  122  10:48  SCV  
  130  10:50  Marine  
  130  10:53  Refinery  
  130  10:54  Refinery  
  130  10:55  Supply Depot x2  
  131  10:58  Supply Depot, Marine  
  131  10:59  Supply Depot  
  131  11:00  SCV  
  131  11:02  Marine  
  131  11:03  SCV  
  135  11:07  SCV  
Show
View Real Time Build Order
Export as new Build Order

Apoptosis Zerg 

Build Orders: Hatch First 

Get SALT Encoding   

  12  0:00  Drone  
  13  0:12  Overlord  
  13  0:16  Drone  
  14  0:31  Drone x2  
  14  0:34  Drone  
  17  0:53  Hatchery  
  17  0:55  Drone  
  17  0:58  Drone  
  18  1:09  Extractor  
  17  1:14  Spawning Pool  
  17  1:17  Drone  
  17  1:19  Drone  
  18  1:28  Drone  
  19  1:40  Overlord  
  19  1:49  Drone  
  20  2:00  Queen  
  23  2:01  Zergling x2  
  23  2:05  Queen  
  23  2:06  Zergling x2  
  26  2:14  Zergling x2  
  27  2:16  Drone  
  27  2:20  Metabolic Boost  
  28  2:23  Drone  
  28  2:26  Drone  
  30  2:35  Drone  
  30  2:50  Drone  
  30  2:51  Drone x2  
  33  2:55  Queen  
  35  3:02  Overlord x2  
  35  3:20  Hatchery  
  35  3:23  Zergling x4, Drone x3  
  35  3:24  Drone x2  
  41  3:37  Overlord  
  41  3:41  Drone  
  41  3:42  Drone  
  41  3:45  Lair  
  43  4:03  Roach Warren  
  43  4:04  Extractor, Drone  
  43  4:05  Extractor, Drone x7  
  43  4:06  Evolution Chamber  
  47  4:23  Overlord  
  47  4:24  Drone x2  
  47  4:25  Drone x2  
  51  4:32  Zerg Missile Weapons Level 1  
  51  4:36  Zergling x6  
  54  4:51  Zergling x8  
  54  4:52  Roach  
  60  4:56  Glial Reconstitution  
  61  5:00  Drone x3  
  63  5:14  Roach  
  65  5:15  Overlord x3  
  65  5:34  Zergling x2  
  65  5:35  Zergling x20  
  70  5:36  Zergling x4  
  73  5:49  Roach x2  
  76  5:50  Roach x2  
  61  6:06  Zergling x10  
  63  6:13  Roach x2  
  67  6:23  Roach x2  
  71  6:33  Hatchery  
  71  6:34  Roach x2  
  74  6:45  Overlord x2  
  71  6:59  Roach  
  71  7:00  Roach  
  73  7:02  Zerg Ground Armor Level 1  
  73  7:08  Infestation Pit  
  73  7:11  Spire  
  73  7:12  Drone x2  
  73  7:13  Drone x3  
  76  7:20  Roach x2  
  80  7:30  Hatchery  
  80  7:31  Evolution Chamber  
  78  7:38  Roach x3  
  78  7:39  Roach x3  
  78  7:41  Drone  
  78  7:42  Overlord x3  
  91  7:52  Pneumatized Carapace  
  91  7:54  Overlord x2  
  91  7:58  Zerg Missile Weapons Level 2  
  91  8:04  Hive  
  93  8:05  Roach  
  93  8:06  Roach x5  
  103  8:16  Drone x5  
  108  8:25  Drone x2  
  108  8:26  Drone  
  111  8:34  Drone x3  
  114  8:49  Roach x6  
  116  9:03  Ravager x6  
  116  9:04  Zergling x6  
  116  9:05  Zergling x12  
  100  9:40  Roach x12  
  119  9:55  Greater Spire  
  107  10:19  Roach x2  
  107  10:20  Zergling x20, Roach  
  107  10:21  Zergling x4  
  81  10:40  Roach x4  
  81  10:41  Roach x4  
  97  10:58  Roach x2  
  97  10:59  Roach x8  
Tags
 
Composition
MMM Bio
Matchup
TvZ
Spawn Locations
Cross Positions
Add a new tag
Caveats
  • Supply blocks, unpowered buildings, or Contaminate may cause inaccurate times.
  • Supply counts are checked every 10 seconds.